 Dungeon Crawl Stone Soup version 0.20.1-1-g8b1a95d (webtiles) character file.

1141 Inchmeat the Spear-Bearer (level 8, 0/58 HPs)
             Began as a Merfolk Skald on Dec 2, 2017.
             Was a Believer of Makhleb.
             Killed from afar by an ogre mage (36 damage)
             ... with a crystal spear
             ... on level 8 of the Dungeon.
             The game lasted 00:13:51 (7852 turns).

Inchmeat the Spear-Bearer (Merfolk Skald)           Turns: 7852, Time: 00:13:52

Health: 0/58       AC:  7    Str: 14    XL:     8   Next: 37%
Magic:  11/11      EV: 19    Int: 12    God:    Makhleb [**....]
Gold:   308        SH:  0    Dex: 18    Spells: 2/11 levels left

rFire    . . .     SeeInvis .   O - +0 trident
rCold    . . .     Gourm    .   (no shield)
rNeg     . . .     Faith    +   b - +0 leather armour
rPois    .         Spirit   .   J - +0 helmet
rElec    .         Reflect  .   y - +0 cloak
rCorr    .         Harm     .   s - +0 pair of gloves
MR       .....                  r - +0 pair of boots
Stlth    ++........             x - amulet of faith
Regen    0.2/turn               (no ring)
MPRegen  0.2/turn               (no ring)

@: agile, about to teleport
A: change form in water, swift swim, stealthy swim
a: Minor Destruction, Renounce Religion


You were on level 8 of the Dungeon.
You worshipped Makhleb.
Makhleb was pleased with you.
You were not hungry.

You visited 2 branches of the dungeon, and saw 9 of its levels.

You collected 407 gold pieces.
You spent 99 gold pieces at shops.

Inventory:

Hand Weapons
 O - a +0 trident (weapon)
Missiles
 C - 8 tomahawks (quivered)
Armour
 b - a +0 leather armour (worn)
 r - a +0 pair of boots (worn)
 s - a +0 pair of gloves (worn)
 y - a +0 cloak (worn)
 J - a +0 helmet (worn)
Jewellery
 x - an amulet of faith (around neck)
 I - an uncursed amulet of harm {unknown}
Wands
 z - a wand of flame (16/48)
 F - a wand of flame (24/48)
 H - a wand of lightning (7/15)
Scrolls
 e - 3 scrolls of amnesia {unknown}
 f - 9 scrolls of teleportation
 g - a scroll of magic mapping {unknown}
 j - 2 scrolls of immolation {unknown}
 l - a scroll of fog {unknown}
 m - 3 scrolls of identify {unknown}
 n - 5 scrolls of remove curse {unknown}
 o - a scroll of random uselessness {unknown}
 q - 2 scrolls of fear {unknown}
 u - 2 scrolls of blinking {unknown}
 A - 2 scrolls of recharging {unknown}
 N - 2 scrolls of noise {unknown}
Potions
 a - a potion of heal wounds {unknown}
 p - a potion of flight
 v - 3 potions of magic
 w - a potion of curing {unknown}
 B - a potion of cancellation {unknown}
 D - 3 potions of resistance
 K - a potion of degeneration {unknown}
 L - 2 potions of might {unknown}
 M - a potion of invisibility {unknown}
Books
 c - a book of Battle

   Spells                             Type                      Level
   a - Infusion                       Charms                       1
   b - Shroud of Golubria             Charms/Translocation         2
   c - Song of Slaying                Charms                       2
   d - Spectral Weapon                Hexes/Charms                 3
   e - Regeneration                   Charms/Necromancy            3
 E - a book of Callings

   Spells                             Type                      Level
   a - Summon Small Mammal            Summoning                    1
   b - Call Imp                       Summoning                    2
   c - Call Canine Familiar           Summoning                    3
   d - Summon Guardian Golem          Hexes/Summoning              3
   e - Summon Lightning Spire         Summoning/Air                4
   f - Summon Ice Beast               Ice/Summoning                4
Comestibles
 d - 5 bread rations
 h - 2 royal jellies
 i - 6 fruits
 t - 2 meat rations
 P - a chunk of flesh


   Skills:
 * Level 3.0 Fighting
 * Level 12.7 Polearms
 - Level 0.6 Armour
 * Level 3.9 Dodging
 - Level 2.0 Spellcasting
 - Level 3.2 Charms
 * Level 1.5 Invocations


You had 2 spell levels left.
You knew the following spells:

 Your Spells              Type           Power        Failure   Level  Hunger
a - Infusion              Chrm           #...         9%          1    ##.....
b - Song of Slaying       Chrm           #.......     14%         2    ###....
c - Spectral Weapon       Hex/Chrm       #.......     47%         3    ####...
d - Regeneration          Chrm/Necr      #.........   47%         3    ####...


Dungeon Overview and Level Annotations

Branches:
Dungeon (8/15)             Temple (1/1) D:4
   Lair: D:8-11

Altars:
Ashenzari
Cheibriados
Gozag
Hepliaklqana
Kikubaaqudgha
Makhleb
Nemelex Xobeh
Uskayaw
Vehumet

Shops:
D:4 ?   D:7 =

Annotations:
D:4 1 runed door
D:6 Mekire's ghost, novice OgWz; Menkaure; Pikel; Prince Ribbit


Message History

Tha net rips apart, an' tha ogre mage comes free!
Ye hit tha ogre mage but do nay damage.
Tha ogre mage be lightly wounded.
Tha ogre mage barely misses ye.
Okay, than.
As ye read tha scroll o' teleportation, it crumbles ta dust.
Ye feel strangely unst'ble.
Tha ogre mage hits ye wit' a whip.
Ye hit tha ogre mage.
Tha ogre mage be lightly wounded.
Tha ogre mage casts a spell.
Tha ogre mage blinks!
Attack whom?
Press: ? - help, Dir - move target cursor, f/p - ogre mage
Aim: an ogre mage, wieldin' a whip an' wearin' a robe (lightly wounded, fast) Ye reach ta attack!
Ye hit tha ogre mage.
Tha ogre mage be lightly wounded.
Tha ogre mage points at ye an' mumbles some strange words.
Tha crystal spear hits ye!
Ouch! Tha re'lly hurt!
Ye die...

....#.#.###
##############.........
.............#..#
...........#.#[.#
.............[..#
.########.#...)..#
..........#O.....#
.#######....)§...# #.. #.#
#...#@....# #...
#.####.........# ...##
#........#.....# #...#
#.###....#.....# #.#.# #.#
#.........†# #...##
#.###..###..#..#####...##
#.......................#
######..###.##.#######...#
........................>.#


You could see an ogre mage.

Vanquished Creatures
  An orc warrior (D:7)
  2 slaves (D:5)
  A crocodile (D:7)
  A big kobold (D:8)
  A water moccasin skeleton (D:8)
  3 howler monkeys
  A crimson imp (D:7)
  A bullfrog zombie (D:7)
  3 orc priests
  3 bullfrog skeletons
  A hound (D:5)
  An orc wizard (D:4)
  2 iguanas (D:5)
  Ijyb (D:3)
  Natasha (thrice) (D:4)
  2 worker ants
  10 adders
  A howler monkey skeleton (D:5)
  2 oozes
  3 worms
  A dart slug (D:1)
  2 leopard geckos
  14 orcs
  11 bats
  3 giant cockroaches
  6 goblins
  8 hobgoblins
  18 jackals
  5 quokkas
  A ball python (D:7)
  10 frilled lizards
  A jackal zombie (D:7)
  13 kobolds
  A leopard gecko skeleton (D:4)
  11 rats
148 creatures vanquished.

Notes
Turn   | Place    | Note
-------+----------+-------------------------------------------
     0 | D:1      | Inchmeat the Merfolk Skald began the quest for the Orb.
     0 | D:1      | Reached XP level 1. HP: 16/16 MP: 3/3
    79 | D:1      | Reached skill level 4 in Polearms
    79 | D:1      | Reached XP level 2. HP: 17/22 MP: 5/5
   609 | D:1      | Reached skill level 5 in Polearms
   609 | D:1      | Reached XP level 3. HP: 25/27 MP: 2/6
  1570 | D:2      | Reached skill level 6 in Polearms
  1573 | D:2      | Reached XP level 4. HP: 21/33 MP: 7/7
  2207 | D:3      | Reached skill level 7 in Polearms
  2560 | D:3      | Reached XP level 5. HP: 35/38 MP: 3/8
  2714 | D:3      | Reached skill level 8 in Polearms
  3174 | D:3      | Noticed Ijyb
  3198 | D:3      | Killed Ijyb
  3413 | D:3      | Reached skill level 9 in Polearms
  3413 | D:3      | Reached XP level 6. HP: 42/44 MP: 1/9
  4218 | D:4      | Found Test's Magic Scroll Shoppe.
  4223 | D:4      | Bought 3 scrolls of teleportation for 99 gold pieces
  4310 | D:3      | Learned a level 2 spell: Song of Slaying
  4314 | D:3      | Learned a level 3 spell: Spectral Weapon
  4318 | D:3      | Learned a level 3 spell: Regeneration
  4601 | D:3      | Reached skill level 10 in Polearms
  5016 | D:4      | Found a staircase to the Ecumenical Temple.
  5028 | Temple   | Entered the Ecumenical Temple
  5039 | Temple   | Became a worshipper of Makhleb the Destroyer
  5080 | D:4      | Noticed Natasha
  5101 | D:4      | Reached XP level 7. HP: 47/50 MP: 5/10
  5165 | D:4      | Found a shattered altar of Ashenzari.
  5175 | D:4      | Killed Natasha
  5444 | D:4      | Found a runed door.
  5487 | D:4      | Noticed Natasha
  5501 | D:4      | Killed Natasha
  5546 | D:4      | Noticed Natasha
  5552 | D:4      | Killed Natasha
  5598 | D:5      | Entered Level 5 of the Dungeon
  5767 | D:5      | Reached skill level 11 in Polearms
  6197 | D:5      | Found a hide-covered altar of Uskayaw.
  6529 | D:6      | Noticed Pikel
  6744 | D:6      | Noticed Mekire's ghost (novice OgWz)
  6746 | D:6      | Noticed Menkaure
  6760 | D:6      | Noticed Prince Ribbit
  7177 | D:7      | Found a sparkling altar of Nemelex Xobeh.
  7334 | D:7      | Reached skill level 12 in Polearms
  7339 | D:7      | Reached * piety under Makhleb
  7377 | D:7      | Reached XP level 8. HP: 50/56 MP: 11/11
  7465 | D:7      | Found Seafuf's Jewellery Shoppe.
  7651 | D:8      | Found a hazy altar of Hepliaklqana.
  7719 | D:8      | Reached skill level 1 in Invocations
  7776 | D:7      | Reached ** piety under Makhleb
  7809 | D:7      | Noticed an ogre mage
  7809 | D:7      | Noticed an ettin
  7809 | D:7      | Noticed an eight-headed hydra
  7810 | D:7      | Noticed an ogre mage
  7852 | D:8      | Killed from afar by an ogre mage

Skill      XL: |  1  2  3  4  5  6  7  8 |
---------------+-------------------------+-----
Polearms       | 4 5 6 7 9 10 12 | 12.7
Dodging        | 3 |  3.9
Invocations    | 1 |  1.5
Fighting       | 3 |  3.0
Armour         | |  0.6
Spellcasting   | |  2.0
Charms         | |  3.2

Action                   |  1- 3 |  4- 6 |  7- 9 || total
-------------------------+-------+-------+-------++-------
Melee: Spear             |   134 |   315 |   207 ||   656
       Trident           |       |       |    96 ||    96
Throw: Throwing net      |       |       |     1 ||     1
 Cast: Infusion          |     9 |    25 |    15 ||    49
  Use: Potion            |       |       |     6 ||     6
       Scroll            |       |       |     1 ||     1
 Stab: Sleeping          |     2 |     1 |     2 ||     5
  Eat: Chunk             |     2 |     8 |     9 ||    19
       Bread ration      |       |     1 |       ||     1
Armor: Leather armour    |    20 |    56 |    53 ||   129
Dodge: Dodged            |    46 |   113 |   105 ||   264
